 Dungeon Sprint DCSS version 0.19.5 (webtiles) character file.

7871 Groucho the Fighter (level 11, 0/98 HPs)
             Began as a Demonspawn Gladiator on Apr 30, 2017.
             Was the Champion of Makhleb.
             Slain by a catoblepas (1 damage)
             ... in the Dungeon (Sprint IX: "|||||||||||||||||||||||||||||").
             The game lasted 00:07:33 (2542 turns).

Groucho the Fighter (Demonspawn Gladiator)          Turns: 2542, Time: 00:07:34

Health: 0/98       AC: 22    Str: 20    XL:     11   Next: 2%
Magic:  11/11      EV:  2    Int: 12    God:    Makhleb [******]
Gold:   0          SH:  0    Dex: 16    Spells: 0 memorised, 10 levels left

rFire  . . .     SeeInvis .     o - +7 war axe (chop)
rCold  . . .     Gourm    .     s - +1 scale mail
rNeg   + + +     Faith    .     (no shield)
rPois  ∞         Spirit   .     c - +0 helmet
rElec  .         Reflect  .     r - +0 cloak
rCorr  .         Harm     .     (no gloves)
MR     .....     NoTele   +     (no boots)
Stlth  ..........               (no amulet)
                                b - +3 ring of intelligence
                                a - +3 ring of dexterity

@: petrified, sanguine armour, very slightly contaminated
A: talons 1, demonic guardian 1, powered by death 3, sanguine armour 2
a: Minor Destruction, Lesser Servant of Makhleb, Major Destruction, Greater
Servant of Makhleb, Renounce Religion


You were in the Dungeon.
You worshipped Makhleb.
Makhleb was exalted by your worship.
You were very hungry.

You visited 1 branch

Inventory:

Hand Weapons
 o - a +7 war axe of chopping (weapon)
 p - a +2 dire flail of protection
Missiles
 d - 3 throwing nets (quivered)
Armour
 c - a +0 helmet (worn)
 r - a +0 cloak (worn)
 s - a +1 scale mail (worn)
Jewellery
 a - a +3 ring of dexterity (left hand)
 b - a +3 ring of intelligence (right hand)
Wands
 n - a wand of lightning (0/15)
Scrolls
 l - 4 scrolls of remove curse
 m - 3 scrolls of amnesia
 t - 2 scrolls of enchant armour
 u - a scroll of identify
Potions
 e - a potion of cure mutation
 f - 2 potions of heal wounds
 g - a potion of berserk rage
 i - 4 potions of magic
 j - 3 potions of curing


   Skills:
 + Level 13.4 Fighting
 + Level 12.5 Axes
 - Level 1.7 Throwing
 + Level 12.2 Armour
 + Level 12.5 Dodging


You had 10 spell levels left.
You didn't know any spells.

Dungeon Overview and Level Annotations

Branches:
Dungeon (1/1)

Altars:
Cheibriados
Dithmenos
Elyvilon
Fedhas
Gozag
Hepliaklqana
Kikubaaqudgha
Makhleb
Nemelex Xobeh
Okawaru
Qazlal
Ru
Sif Muna
Trog
Uskayaw
Vehumet
Xom
Yredelemnul
Zin
The Shining One
Beogh
Jiyva
Lugonu


Innate Abilities, Weirdness & Mutations

You have sharp toenails.
A weak demonic guardian rushes to your aid.
You regenerate a lot of health from kills.
When seriously injured, your bleeding wounds create thick armour. (AC +9)


Message History

* * * LOW HITPOINT WARNING * * *
Your shadow imp is engulfed in calcifying dust.
You are engulfed in calcifying dust.
Your shadow imp disappears in a puff of smoke!
The catoblepas breathes a plume of calcifying dust at you.
The blast of calcifying dust hits you!
The blast of calcifying dust hits your quasit.
You are engulfed in calcifying dust.
Your quasit is engulfed in calcifying dust.
Your quasit is moving more slowly.
The catoblepas gores you but does no damage.
You are engulfed in calcifying dust.
Your quasit is engulfed in calcifying dust.
Your quasit stops moving altogether!
The catoblepas gores you!!
* * * LOW HITPOINT WARNING * * *
You are engulfed in calcifying dust.
Your quasit is engulfed in calcifying dust.
The catoblepas gores you.
You die...

▓▓▓▓▓▓▓▓▓▓▓▓▓▓▓▓▓▓▓▓▓▓▓▓▓▓▓▓▓▓▓▓▓
..)|..'._______________________'.
▓▓▓▓▓▓▓▓▓▓▓▓▓▓▓▓▓▓▓▓▓▓▓▓▓▓▓▓▓▓▓▓▓
.................................
▓▓▓▓▓▓▓▓▓▓▓▓▓▓▓▓▓▓▓▓▓▓▓▓▓▓▓▓▓▓▓▓▓
YY.YYY'Y....YYYY@5..§.....'.....?
▓▓▓▓▓▓▓▓▓▓▓▓▓▓▓▓▓▓▓▓▓▓▓▓▓▓▓▓▓▓▓▓▓


You could see a death yak, a catoblepas, 2 yaks and a friendly quasit
(petrified).

Vanquished Creatures
  A hydra (D)
  4 death yaks (D)
  An unseen horror (D)
  2 black mambas (D)
  2 spiny frogs (D)
  A troll (D)
  A hippogriff (D)
  A two-headed ogre (D)
  A blink frog (D)
  2 wraiths (D)
  A hungry ghost (D)
  A steam dragon (D)
  3 water moccasins (D)
  3 porcupines (D)
  A crocodile (D)
  4 bullfrogs (D)
  A scorpion (D)
  A wight (D)
  A howler monkey (D)
  A jelly (D)
  A hound (D)
  2 worker ants (D)
  An adder (D)
  A dart slug (D)
  A bat (D)
  A hobgoblin (D)
  A quokka (D)
  2 rats (D)
43 creatures vanquished.

Vanquished Creatures (collateral kills)
  A hydra (D)
1 creature vanquished.

Grand Total: 44 creatures vanquished

Notes
Turn   | Place    | Note
-------+----------+-------------------------------------------
     0 | D        | Groucho the Demonspawn Gladiator began the quest for the Orb.
     0 | D        | Reached XP level 1. HP: 16/16 MP: 1/1
    12 | D        | Reached skill level 1 in Armour
   220 | D        | Noticed a worker ant
   220 | D        | Noticed a jelly
   220 | D        | Noticed a worker ant
   220 | D        | Noticed a scorpion
   220 | D        | Noticed a hound
   232 | D        | Killed a hound
   232 | D        | Reached skill level 3 in Fighting
   232 | D        | Gained mutation: When seriously injured, your bleeding wounds create armour. (AC +9) [demonic ancestry]
   232 | D        | Reached XP level 2. HP: 11/24 MP: 2/2
   232 | D        | Reached XP level 3. HP: 13/29 MP: 3/3
   242 | D        | Killed a scorpion
   242 | D        | Reached skill level 4 in Fighting
   242 | D        | Gained mutation: You regenerate a little health from kills. [demonic ancestry]
   242 | D        | Reached XP level 4. HP: 20/38 MP: 4/4
   249 | D        | Reached skill level 5 in Axes
   249 | D        | Reached skill level 5 in Dodging
   250 | D        | Reached skill level 5 in Fighting
   250 | D        | Gained mutation: A weak demonic guardian rushes to your aid. [demonic ancestry]
   250 | D        | Reached XP level 5. HP: 23/44 MP: 5/5
   641 | D        | Found a roughly hewn altar of Beogh.
   641 | D        | Found a snail-covered altar of Cheibriados.
   641 | D        | Found a shadowy altar of Dithmenos.
   641 | D        | Found a white marble altar of Elyvilon.
   641 | D        | Found a blossoming altar of Fedhas.
   641 | D        | Found an opulent altar of Gozag.
   642 | D        | Found a hazy altar of Hepliaklqana.
   643 | D        | Found a viscous altar of Jiyva.
   644 | D        | Found an ancient bone altar of Kikubaaqudgha.
   645 | D        | Found a corrupted altar of Lugonu.
   648 | D        | Found a burning altar of Makhleb.
   649 | D        | Found a sparkling altar of Nemelex Xobeh.
   650 | D        | Found an iron altar of Okawaru.
   651 | D        | Found a stormy altar of Qazlal.
   652 | D        | Found a sacrificial altar of Ru.
   653 | D        | Found a deep blue altar of Sif Muna.
   654 | D        | Found a bloodstained altar of Trog.
   655 | D        | Found a hide-covered altar of Uskayaw.
   656 | D        | Became a worshipper of Makhleb the Destroyer
   657 | D        | Found a radiant altar of Vehumet.
   658 | D        | Found a shimmering altar of Xom.
   659 | D        | Found a basalt altar of Yredelemnul.
   660 | D        | Found a glowing silver altar of Zin.
   661 | D        | Found a glowing golden altar of the Shining One.
   736 | D        | Noticed a two-headed ogre
   736 | D        | Noticed a steam dragon
   742 | D        | Reached skill level 6 in Fighting
   746 | D        | Reached * piety under Makhleb
   746 | D        | Reached skill level 5 in Armour
   754 | D        | Killed a steam dragon
   754 | D        | Reached skill level 7 in Fighting
   754 | D        | Reached XP level 6. HP: 49/55 MP: 6/6
   759 | D        | Killed a two-headed ogre
   759 | D        | Reached ** piety under Makhleb
   759 | D        | Gained mutation: You regenerate health from kills. [demonic ancestry]
   759 | D        | Reached XP level 7. HP: 51/61 MP: 7/7
   772 | D        | Noticed a troll
   772 | D        | Noticed a hungry ghost
   772 | D        | Noticed a wraith
   772 | D        | Noticed a wraith
   772 | D        | Noticed a six-headed hydra
   789 | D        | HP: 3/61 [six-headed hydra (12)]
   791 | D        | Killed a six-headed hydra
   791 | D        | Reached skill level 9 in Fighting
   791 | D        | Gained mutation: When seriously injured, your bleeding wounds create thick armour. (AC +9) [demonic ancestry]
   791 | D        | Reached XP level 8. HP: 4/71 MP: 8/8
   863 | D        | Killed an unseen horror
   863 | D        | Reached skill level 10 in Fighting
   883 | D        | Reached *** piety under Makhleb
   883 | D        | Reached XP level 9. HP: 50/79 MP: 9/9
   901 | D        | Reached skill level 10 in Axes
   901 | D        | Reached skill level 10 in Dodging
   932 | D        | Killed a troll
  1335 | D        | Reached **** piety under Makhleb
  1335 | D        | Reached skill level 11 in Fighting
  1349 | D        | Reached skill level 10 in Armour
  1361 | D        | Reached ***** piety under Makhleb
  1384 | D        | Noticed a four-headed hydra
  1384 | D        | Noticed a black mamba
  1384 | D        | Noticed a black mamba
  1386 | D        | Noticed a spiny frog
  1396 | D        | Noticed a spiny frog
  1401 | D        | Killed a four-headed hydra
  1401 | D        | Reached skill level 12 in Fighting
  1401 | D        | Gained mutation: You regenerate a lot of health from kills. [demonic ancestry]
  1401 | D        | Reached XP level 10. HP: 20/89 MP: 10/10
  1414 | D        | HP: 4/89 [poisoned by a black mamba]
  2006 | D        | Killed a black mamba
  2010 | D        | Killed a black mamba
  2012 | D        | Killed a spiny frog
  2030 | D        | Killed a spiny frog
  2079 | D        | Reached ****** piety under Makhleb
  2090 | D        | Noticed a catoblepas
  2090 | D        | Noticed a death yak
  2090 | D        | Noticed a death yak
  2090 | D        | Noticed a death yak
  2090 | D        | Noticed a death yak
  2097 | D        | Noticed a death yak
  2464 | D        | Killed a death yak
  2474 | D        | Killed a death yak
  2474 | D        | Reached skill level 13 in Fighting
  2487 | D        | Killed a death yak
  2517 | D        | Killed a death yak
  2517 | D        | Gained mutation: You have sharp toenails. [demonic ancestry]
  2517 | D        | Reached XP level 11. HP: 63/98 MP: 11/11
  2541 | D        | HP: 1/98 [catoblepas (9)]
  2542 | D        | Slain by a catoblepas

Skill      XL: |  1  2  3  4  5  6  7  8  9 10 |
---------------+-------------------------------+-----
Axes           | 3 4 5 6 7 8 9 11 12 | 12.5
Dodging        | 3 4 5 6 7 8 9 11 12 | 12.5
Armour         | 2 3 4 6 8 9 10 12 | 12.2
Fighting       | 3 4 5 7 9 10 12 13 | 13.4
Throwing       | |  1.7

Action                   |  1- 3 |  4- 6 |  7- 9 | 10-12 || total
-------------------------+-------+-------+-------+-------++-------
Melee: War axe           |    28 |    34 |    84 |    88 ||   234
       Dire flail        |       |       |    15 |     2 ||    17
       Kick              |       |       |       |     6 ||     6
Evoke: Wand              |       |       |     3 |     4 ||     7
  Use: Potion            |     2 |     2 |     4 |     2 ||    10
       Scroll            |       |       |     1 |     5 ||     6
 Stab: Sleeping          |     1 |       |       |       ||     1
       Invisible         |       |     5 |       |       ||     5
       Petrified         |       |       |       |     6 ||     6
  Eat: Bread ration      |       |       |     1 |       ||     1
       Chunk             |       |       |       |     2 ||     2
Armor: Leather armour    |     6 |     6 |       |       ||    12
       Scale mail        |       |       |    67 |    30 ||    97
Dodge: Dodged            |    22 |    22 |   106 |    34 ||   184
